Map: Temple gelé

Players

Shadow - Winner!

  • Race: Protoss Protoss
  • Spawn Location: 11:00

zidar

  • Race: Zerg Zerg
  • League: Platinum
  • Spawn Location: 5:00

VOD

Have the link to the VOD?

Description

Time

  • Played on: Oct. 20, 2016, 3:50 p.m.
  • Length: 16:56
Show
View Real Time Build Order
Export as new Build Order

Shadow Protoss - Winner!

Build Orders:  

Get SALT Encoding   

  12  0:01  Probe (Chrono Boost)  
  13  0:11  Probe (Chrono Boost)  
  14  0:21  Pylon  
  14  0:22  Probe (Chrono Boost)  
  15  0:39  Probe (Chrono Boost)  
  15  0:40  Forge  
  16  0:49  Probe (Chrono Boost)  
  17  0:55  Gateway  
  17  1:02  Pylon  
  17  1:08  Probe (Chrono Boost)  
  18  1:11  Assimilator  
  17  1:21  Photon Cannon  
  17  1:28  Probe (Chrono Boost)  
  18  1:38  Probe (Chrono Boost)  
  19  1:49  Probe (Chrono Boost)  
  20  1:57  Cybernetics Core  
  20  1:59  Probe (Chrono Boost)  
  21  2:10  Probe (Chrono Boost)  
  22  2:17  Nexus  
  22  2:23  Pylon  
  22  2:32  Pylon  
  22  2:34  Probe (Chrono Boost)  
  23  2:38  Warp Gate  
  23  2:45  Mothership Core (Chrono Boost)  
  25  2:52  Assimilator  
  25  3:03  Probe (Chrono Boost)  
  26  3:09  Stalker  
  28  3:14  Probe (Chrono Boost)  
  29  3:21  Gateway  
  29  3:25  Probe (Chrono Boost), Gateway  
  30  3:35  Probe (Chrono Boost)  
  30  3:36  Probe (Chrono Boost)  
  32  3:46  Probe (Chrono Boost)  
  32  3:47  Probe (Chrono Boost)  
  34  4:00  Pylon  
  34  4:07  Protoss Ground Weapons Level 1  
  34  4:08  Probe (Chrono Boost)  
  34  4:09  Probe (Chrono Boost)  
  36  4:18  Probe (Chrono Boost)  
  36  4:20  Probe (Chrono Boost)  
  36  4:22  Robotics Facility  
  38  4:29  Probe (Chrono Boost)  
  38  4:30  Probe (Chrono Boost)  
  40  4:40  Probe (Chrono Boost)  
  40  4:41  Probe (Chrono Boost)  
  42  4:48  Gateway  
  42  4:50  Probe (Chrono Boost)  
  43  4:53  Assimilator, Stalker x2  
  43  4:54  Assimilator  
  43  4:56  Sentry  
  49  5:00  Probe (Chrono Boost)  
  49  5:01  Probe (Chrono Boost)  
  49  5:05  Pylon  
  51  5:11  Probe (Chrono Boost)  
  52  5:17  Observer  
  53  5:22  Probe (Chrono Boost)  
  54  5:32  Probe (Chrono Boost)  
  55  5:38  Immortal, Twilight Council  
  55  5:40  Stalker  
  55  5:41  Pylon, Stalker  
  55  5:42  Stalker  
  65  5:43  Probe (Chrono Boost)  
  66  5:53  Probe (Chrono Boost)  
  66  5:55  Protoss Ground Armor Level 1  
  68  6:04  Probe (Chrono Boost)  
  68  6:05  Nexus  
  68  6:08  Pylon  
  68  6:10  Forge  
  68  6:24  Immortal (Chrono Boost)  
  72  6:32  Pylon  
  72  6:36  Pylon  
  72  6:37  Probe (Chrono Boost)  
  73  6:45  Protoss Ground Weapons Level 2  
  73  6:46  Stalker x2  
  73  6:47  Stalker  
  79  6:48  Sentry, Probe  
  82  6:55  Gateway  
  82  6:59  Photon Cannon  
  83  7:01  Observer (Chrono Boost)  
  83  7:05  Photon Cannon  
  83  7:10  Photon Cannon  
  83  7:21  Immortal (Chrono Boost)  
  87  7:29  Robotics Facility, Probe  
  87  7:31  Pylon  
  87  7:33  Protoss Ground Armor Level 2  
  88  7:40  Probe  
  89  7:50  Probe  
  89  8:00  Assimilator  
  89  8:01  Probe  
  89  8:03  Assimilator  
  90  8:11  Probe, Photon Cannon  
  90  8:12  Stalker x2  
  92  8:13  Stalker  
  92  8:18  Immortal (Chrono Boost)  
  101  8:22  Probe  
  106  8:30  Immortal (Chrono Boost)  
  106  8:32  Probe  
  106  8:41  Probe  
  108  8:43  Probe  
  109  8:53  Probe x2  
  111  8:56  Immortal (Chrono Boost)  
  111  8:58  Stalker x4  
  111  9:00  Sentry  
  125  9:05  Protoss Ground Weapons Level 3  
  125  9:10  Pylon  
  125  9:15  Pylon  
  125  9:18  Pylon  
  125  9:26  Probe  
  130  9:33  Immortal (Chrono Boost)  
  130  9:37  Probe  
  110  9:58  Zealot x5  
  102  10:01  Charge (Chrono Boost)  
  94  10:07  Protoss Ground Armor Level 3  
  88  10:24  Nexus, Zealot x3  
  88  10:25  Zealot x2, Pylon  
  88  10:27  Pylon  
  98  10:31  Pylon  
  98  10:38  Pylon  
  90  10:52  Gateway  
  90  10:54  Gateway  
  90  10:55  Gateway  
  90  10:59  Robotics Bay  
  90  11:01  Pylon  
  90  11:02  Zealot x4  
  90  11:03  Zealot  
  80  11:19  Probe  
  80  11:25  Photon Cannon  
  81  11:28  Photon Cannon  
  81  11:29  Probe  
  81  11:30  Photon Cannon  
  82  11:34  Photon Cannon x2  
  82  11:35  Zealot x2  
  82  11:36  Zealot x3  
  82  11:39  Photon Cannon  
  92  11:40  Probe  
  92  11:42  Protoss Shields Level 1 (Chrono Boost)  
  93  11:47  Extended Thermal Lance (Chrono Boost)  
  93  11:50  Probe  
  93  11:52  Colossus  
  93  11:53  Colossus  
  106  11:57  Zealot  
  106  11:59  Zealot x2  
  106  12:00  Zealot x2  
  116  12:01  Probe  
  116  12:02  Sentry x3  
  123  12:19  Dark Shrine, Probe  
  123  12:21  Probe  
  119  12:30  Probe  
  119  12:32  Probe  
  119  12:33  Stalker  
  119  12:34  Zealot x5  
  119  12:36  Zealot  
  131  12:40  Probe  
  131  12:42  Probe  
  110  12:51  Probe  
  104  12:53  Colossus x2, Probe  
  118  12:59  Zealot  
  118  13:01  Probe, Stalker x3  
  118  13:03  Sentry x2, Probe  
  118  13:13  Assimilator  
  118  13:14  Assimilator  
  118  13:24  Stalker  
  118  13:25  Stalker  
  122  13:27  Sentry x2  
  122  13:33  Dark Templar x2  
  130  13:46  Colossus  
  130  13:47  Observer  
  130  13:48  Stalker x2  
  137  13:56  Stalker  
  137  13:57  Stalker x3  
  145  14:07  Stalker x2  
  145  14:08  Colossus  
  155  14:15  Stalker x2  
  159  14:27  Stalker  
  159  14:28  Stalker  
  159  14:29  Stalker  
  165  14:31  Stalker  
  165  14:32  Stalker x2  
  165  14:33  Protoss Shields Level 2 (Chrono Boost)  
  171  14:40  Colossus  
  177  14:58  Stargate  
  177  15:01  Colossus, Stalker x3  
  177  15:02  Stalker  
  177  15:04  Sentry x2  
  173  15:43  Colossus  
  153  15:55  Stalker x2  
  153  15:56  Stalker x4  
  153  15:57  Stalker x2  
  139  16:20  Nexus  
  139  16:23  Sentry x3  
  139  16:24  Stalker x2  
  149  16:27  Sentry  
Show
View Real Time Build Order
Export as new Build Order

zidar Zerg 

Build Orders: Hatch First, Lurkers 

Get SALT Encoding   

  12  0:01  Drone  
  13  0:12  Overlord  
  13  0:18  Drone  
  14  0:31  Drone x2  
  16  0:54  Hatchery  
  16  0:56  Drone  
  16  1:23  Spawning Pool  
  16  1:24  Extractor  
  14  1:26  Drone  
  14  1:31  Drone  
  16  1:36  Drone  
  17  1:51  Drone  
  17  1:55  Overlord  
  17  2:11  Queen  
  17  2:12  Queen  
  21  2:19  Drone  
  21  2:20  Drone  
  23  2:30  Metabolic Boost  
  23  2:45  Drone x4  
  27  2:52  Extractor  
  27  2:58  Roach Warren  
  25  2:59  Drone  
  25  3:02  Drone  
  27  3:23  Drone x6  
  27  3:27  Drone  
  34  3:28  Drone  
  35  3:38  Overlord  
  35  3:40  Overlord  
  35  4:03  Roach x4  
  35  4:06  Overlord x2  
  43  4:14  Drone  
  44  4:41  Roach x7  
  44  4:42  Roach  
  44  4:45  Overlord x3  
  60  4:55  Extractor, Drone  
  60  5:06  Ravager x4  
  65  5:14  Zergling x8  
  65  5:18  Lair  
  68  5:26  Drone  
  68  5:27  Drone x2  
  71  5:35  Drone x5  
  76  5:56  Extractor  
  75  6:22  Drone  
  75  6:23  Hatchery, Drone x4  
  79  6:33  Hydralisk Den  
  79  6:35  Zergling x2  
  79  6:36  Zergling x10  
  79  6:39  Overlord  
  84  6:40  Overlord x2  
  84  6:50  Evolution Chamber  
  84  6:52  Queen, Evolution Chamber  
  84  7:01  Drone  
  84  7:02  Drone x2  
  84  7:05  Hydralisk x4  
  84  7:06  Hydralisk  
  97  7:19  Muscular Augments  
  97  7:21  Zerg Missile Weapons Level 1  
  97  7:22  Zerg Ground Armor Level 1  
  97  7:27  Drone  
  97  7:28  Drone x7  
  105  7:34  Overseer  
  105  7:37  Overseer  
  105  7:47  Drone x5  
  110  7:55  Overlord  
  110  7:56  Overlord x2  
  110  8:10  Drone  
  110  8:11  Extractor, Drone  
  110  8:12  Extractor  
  110  8:13  Drone x4  
  110  8:14  Drone  
  115  8:30  Lurker Den  
  115  8:31  Infestation Pit  
  114  8:40  Queen  
  116  8:42  Overlord  
  116  8:43  Overlord  
  116  8:45  Hydralisk x4  
  116  8:46  Hydralisk x5  
  134  8:56  Pneumatized Carapace  
  134  9:08  Hydralisk x7  
  148  9:15  Drone x2  
  148  9:16  Drone x2  
  152  9:25  Hatchery  
  125  9:51  Hatchery  
  79  10:11  Hydralisk x15  
  99  10:36  Hydralisk x3  
  99  10:37  Hydralisk x4  
  111  11:00  Hydralisk x7  
  112  11:12  Queen  
  112  11:15  Roach x4  
  122  11:29  Zerg Ground Armor Level 2  
  122  11:30  Zerg Missile Weapons Level 2  
  122  11:32  Hive  
  122  11:35  Lurker  
  122  11:36  Lurker x5  
  128  11:52  Overseer  
  128  11:58  Roach  
  128  11:59  Roach x4, Hydralisk x4  
  128  12:01  Roach  
  148  12:19  Overlord x2  
  148  12:20  Overlord x2  
  148  12:25  Hydralisk x5  
  149  13:07  Hydralisk  
  149  13:08  Hydralisk x8  
  149  13:09  Hydralisk x5  
  149  13:12  Lurker x2  
  179  13:33  Lurker  
  180  13:36  Lurker  
  181  13:45  Overlord x2  
  181  13:51  Zerg Missile Weapons Level 3  
  181  14:09  Lurker  
  183  14:10  Lurker x3  
  183  14:11  Lurker  
  183  14:14  Roach x4  
  183  14:15  Roach  
  183  14:16  Roach  
  198  14:41  Glial Reconstitution  
  109  15:54  Hydralisk x4  
  109  15:55  Hydralisk x19  
  109  15:56  Hydralisk  
  120  15:58  Zergling x38  
  120  15:59  Zergling x4  
  135  16:15  Extractor  
  134  16:28  Extractor  
Tags
 
Composition
Lurkers
League
Platinum
Matchup
PvZ
Spawn Locations
Cross Positions
Add a new tag
Caveats
  • Supply blocks, unpowered buildings, or Contaminate may cause inaccurate times.
  • Supply counts are checked every 10 seconds.